 Dungeon Crawl Stone Soup version 0.25.1-2-g60ff931df9 (webtiles) character file.

Game seed: 16118865529473770240

296 ashizen the Slasher (level 6, -7/42 HPs)
             Began as a Formicid Warper on Oct 1, 2020.
             Was an Initiate of Hepliaklqana.
             Mangled by a gnoll
             ... wielding a +0 halberd
              (10 damage)
             ... on level 4 of the Dungeon.
             The game lasted 00:06:54 (4879 turns).

ashizen the Slasher (Formicid Warper)               Turns: 4879, Time: 00:06:54

Health: -7/42      AC:  3    Str: 18    XL:     6   Next: 62%
Magic:  9/10       EV: 14    Int: 12    God:    Hepliaklqana [......]
Gold:   263        SH:  0    Dex: 10    Spells: 9/11 levels left

rFire    . . .     SeeInvis +   a - +0 falchion
rCold    . . .     Gourm    .   (no shield)
rNeg     + . .     Faith    .   b - +0 leather armour
rPois    .         Spirit   .   (helmet unavailable)
rElec    .         Reflect  .   (no cloak)
rCorr    .         Harm     .   (no gloves)
MR       .....     Clarity  +   (no boots)
Stlth    +.........             (no amulet)
HPRegen  0.14/turn              k - ring of positive energy
MPRegen  0.12/turn              (no ring)

@: no status effects
A: permanent stasis, dig shafts and tunnels, four strong arms, reduced essence,
antennae 3, repulsion field 1, clarity, wild magic 1
a: Dig, Shaft Self, Recall Ancestor, Ancestor Identity, Renounce Religion


You were on level 4 of the Dungeon.
You worshipped Hepliaklqana.
Hepliaklqana was noncommittal.
You were not hungry.

You visited 1 branch of the dungeon, and saw 4 of its levels.

You collected 263 gold pieces.

Inventory:

Hand Weapons
 a - a +0 falchion (weapon)
 j - a +1 dagger of speed
Missiles
 e - 4 boomerangs of dispersal (quivered)
Armour
 b - a +0 leather armour (worn)
Jewellery
 k - a ring of positive energy (left hand)
Scrolls
 d - a scroll of blinking
 g - 7 scrolls of teleportation {unknown}
 h - 3 scrolls of fear {unknown}
 i - 7 scrolls of identify {unknown}
 o - a scroll of immolation {unknown}
 r - 2 scrolls of enchant armour {unknown}
Potions
 c - 3 potions of curing
 l - a potion of mutation
 p - a potion of brilliance {unknown}
 s - a potion of might {unknown}
Comestibles
 f - 11 rations


   Skills:
 + Level 3.1 Fighting
 + Level 3.7 Long Blades
 + Level 1.0 Throwing
 + Level 2.4 Armour
 + Level 3.1 Dodging
 - Level 1.0 Stealth
 * Level 3.2 Spellcasting
 + Level 0.7 Charms
 * Level 2.8 Translocations
 * Level 0.4 Invocations


You had 9 spell levels left.
You knew the following spells:

 Your Spells              Type           Power        Failure   Level  Hunger
a - Shroud of Golubria    Chrm/Tloc      #.....       28%         2    ###....

Your spell library contained the following spells:

 Spells                   Type           Power        Failure   Level  Hunger
 Gell's Gravitas          Tloc           ##........   34%         3    ###....
 Lesser Beckoning         Tloc           ##........   34%         3    ###....
 Teleport Other           Tloc           ##......     34%         3    ###....
 Passage of Golubria      Tloc           N/A          73%         4    #####..
 Blink                    Tloc           Unusable     N/A         2    N/A

Dungeon Overview and Level Annotations

Branches:
Dungeon (4/15)
 Temple: D:4-7

Altars:
Ashenzari
Fedhas
Hepliaklqana
Makhleb
Ru
Yredelemnul


Innate Abilities, Weirdness & Mutations

You cannot be hasted, slowed, berserked, paralysed or teleported.
You can dig through walls and to a lower floor.
Your four strong arms can wield two-handed weapons with a shield.
You have a pair of large antennae on your head. (SInv)
Your life essence is reduced to manifest your ancestor. (-10% HP)
You are surrounded by a mild repulsion field. (EV +2)
You possess an exceptional clarity of mind.
Your spells are a little harder to cast, but a little more powerful.


Message History

You barely miss the gnoll.
The gnoll is lightly wounded.
Tenoch hits the gnoll.
The gnoll closely misses you.
Tenoch hits the gnoll but does no damage.
You slash the gnoll!
You kill the gnoll!
The gnoll closely misses you.
You slash the gnoll!
The gnoll is severely wounded.
The gnoll misses you.
Tenoch hits the gnoll.
The gnoll dies!
You closely miss the gnoll.
The gnoll hits you from afar with a +0 halberd!
* * * LOW HITPOINT WARNING * * *
Your shroud falls apart!
Tenoch hits the gnoll.
The gnoll hits you but does no damage.
You closely miss the gnoll.
The gnoll is moderately wounded.
The gnoll hits you from afar with a +0 halberd!
You die...

..# ........# ....##
##.......# ....#.
.......#
>.....###....<## #
...............#.##
... #........##....
.g..###...).........
.....###..÷....##..
......#@..)....##
.....ggR÷...#.......
......#...÷.##.....#
...$..##...=#.......
........)..#...####[
.......)))...####
§≈≈§....)...###8#
###≈.......##§§_# ..
#≈......##≈≈..#


You could see the friendly Tenoch the ancestor and 2 gnolls.

Vanquished Creatures
  A howler monkey (D:4)
  Jessica (D:2)
  An iguana (D:4)
  Terence (D:2)
  A gnoll (D:4)
  3 adders
  2 oozes (D:4)
  A worm (D:3)
  3 dart slugs
  A leopard gecko (D:2)
  3 orcs (D:4)
  3 giant cockroaches
  6 goblins
  7 hobgoblins
  8 jackals
  3 kobolds
  3 quokkas
  A ball python (D:4)
  A ball python skeleton (D:4)
  8 bats
  6 frilled lizards
  6 rats
70 creatures vanquished.

Vanquished Creatures (collateral kills)
  4 gnolls (D:4)
  6 orcs (D:4)
  3 jackals (D:4)
13 creatures vanquished.

Grand Total: 83 creatures vanquished

Notes
Turn   | Place    | Note
-------+----------+-------------------------------------------
     0 | D:1      | ashizen the Formicid Warper began the quest for the Orb.
     0 | D:1      | Reached XP level 1. HP: 16/16 MP: 3/3
   442 | D:1      | Reached XP level 2. HP: 22/22 MP: 5/5
  1216 | D:2      | Noticed Terence
  1231 | D:2      | Killed Terence
  1231 | D:2      | Reached XP level 3. HP: 6/28 MP: 6/6
  1235 | D:2      | Learned a level 2 spell: Shroud of Golubria
  1587 | D:2      | Reached XP level 4. HP: 22/34 MP: 7/7
  2743 | D:2      | Noticed Jessica
  2750 | D:2      | Killed Jessica
  2750 | D:2      | Reached XP level 5. HP: 34/39 MP: 3/9
  3345 | D:3      | Found a blossoming altar of Fedhas.
  3829 | D:3      | Found a shattered altar of Ashenzari.
  4326 | D:3      | Found a sacrificial altar of Ru.
  4456 | D:4      | Found a burning altar of Makhleb.
  4456 | D:4      | Found a hazy altar of Hepliaklqana.
  4457 | D:4      | Found a basalt altar of Yredelemnul.
  4469 | D:4      | Gained mutation: You possess an exceptional clarity of
                  | mind. [potion of mutation]
  4469 | D:4      | Gained mutation: You are surrounded by a mild repulsion
                  | field. (EV +2) [potion of mutation]
  4469 | D:4      | Gained mutation: Your spells are a little harder to cast,
                  | but a little more powerful. [potion of mutation]
  4504 | D:4      | Reached skill level 1 in Stealth
  4504 | D:4      | Reached XP level 6. HP: 18/46 MP: 2/10
  4513 | D:4      | Became a worshipper of Hepliaklqana the Forgotten
  4879 | D:4      | Mangled by a gnoll

Illustrated notes

Levels and vault maps discovered:
D:1:      lightli_iron_boxes, layout_loops_corners
D:2:      layout_loops_corners, serial_forest, infiniplex_forest_lined_ring,
          infiniplex_forest_straight_2, infiniplex_forest_lined_corner,
          infiniplex_forest_clump_large, infiniplex_forest_corner_1,
          infiniplex_forest_clump_small, infiniplex_forest_lined_corner,
          uniq_jessica, uniq_terence
D:3:      layout_basic, lemuel_round_altar, lemuel_coloured_pillars_altar,
          ashenzari_conservatory_becter, bh_chokoban
D:4:      layout_cave_pools, tgw_trog, kennysheep_mini_moat,
          gammafunk_temple_overflow_claw, uniq_robin

Skill      XL: |  1  2  3  4  5  6 |
---------------+-------------------+-----
Dodging        | 2 3 |  3.1
Spellcasting   | 3 |  3.2
Armour         | 2 |  2.4
Long Blades    | 3 |  3.7
Stealth        | 1 |  1.0
Fighting       | 3 |  3.1
Throwing       | |  1.0
Charms         | |  0.7
Translocations | |  2.8
Invocations    | |  0.4

Action                   |  1- 3 |  4- 6 || total
-------------------------+-------+-------++-------
Melee: Falchion          |    76 |   193 ||   269
Throw: Boomerang         |       |     1 ||     1
 Cast: Shroud of Golubri |       |     8 ||     8
 Abil: Dig               |       |     1 ||     1
  Use: Potion            |     2 |     5 ||     7
  Eat: Chunk             |     1 |    11 ||    12
       Ration            |       |     1 ||     1
Armor: Leather armour    |    21 |    45 ||    66
Dodge: Dodged            |    36 |   212 ||   248
       Rpst.: Falchion   |    12 |    73 ||    85
